 Dungeon Crawl Stone Soup version 0.24.0-28-g17ded55e90 (webtiles) character file.

Game seed: 5014220900604550047, levelgen mode: deterministic

3977 Delamore the Severer (level 10, -6/83 HPs)
             Began as a Hill Orc Monk on Nov 11, 2019.
             Was an Elder of Qazlal.
             Mangled by a killer bee (7 damage)
             ... on level 9 of the Dungeon.
             The game lasted 00:17:49 (11196 turns).

Delamore the Severer (Hill Orc Monk)               Turns: 11196, Time: 00:17:50

Health: -6/83      AC: 11    Str: 18    XL:     10   Next: 22%
Magic:  10/10      EV: 11    Int: 10    God:    Qazlal [****..]
Gold:   296        SH:  5    Dex: 13    Spells: 9/9 levels left

rFire    . . .     SeeInvis .   L - +2 hand axe (flame)
rCold    . . .     Gourm    .   (no shield)
rNeg     + . .     Faith    .   y - +3 ring mail
rPois    .         Spirit   .   (no helmet)
rElec    .         Reflect  .   M - +0 cloak {+Inv}
rCorr    .         Harm     .   w - +0 pair of gloves
MR       +....                  G - +0 pair of boots
Stlth    +.........             (no amulet)
HPRegen  0.23/turn              C - ring of positive energy
MPRegen  0.12/turn              i - ring of protection from magic

@: studying Transmutations, repel missiles
A: no striking features
a: Upheaval, Elemental Force, Renounce Religion, Evoke Invisibility


You were on level 9 of the Dungeon.
You worshipped Qazlal.
Qazlal was greatly pleased with you.
You were near starving.

You visited 2 branches of the dungeon, and saw 10 of its levels.

You collected 491 gold pieces.
You spent 195 gold pieces at shops.

Inventory:

Hand Weapons
 L - a +2 hand axe of flaming (weapon)
Missiles
 s - 14 curare-tipped darts (quivered)
Armour
 w - a +0 pair of gloves (worn)
 y - a +3 ring mail (worn)
 z - a +3 leather armour of cold resistance
 G - a +0 pair of boots (worn)
 M - a +0 cloak of invisibility (worn)
Jewellery
 a - an uncursed ring of protection from fire {unknown}
 i - a ring of protection from magic (right hand)
 j - an uncursed ring of protection from cold
 r - an uncursed ring of resist corrosion
 B - a +6 ring of intelligence
 C - a ring of positive energy (left hand)
Wands
 p - a wand of paralysis (6)
 u - a wand of polymorph (6)
Scrolls
 b - 2 scrolls of identify
 e - 4 scrolls of amnesia
 g - 2 scrolls of enchant armour
 h - a scroll of fog
 n - 3 scrolls of enchant weapon
 q - 3 scrolls of immolation
 x - 4 scrolls of teleportation
 A - 2 scrolls of remove curse
 D - a scroll of fear
 E - 3 scrolls of blinking
 H - a scroll of noise
 J - a scroll of magic mapping
Potions
 d - a potion of haste {unknown}
 f - a potion of brilliance {unknown}
 k - a potion of flight
 l - 2 potions of curing
 m - a potion of berserk rage {unknown}
 o - a potion of magic {unknown}
 t - a potion of heal wounds
 v - a potion of resistance {unknown}
 I - a potion of agility {unknown}
 K - a potion of degeneration {unknown}
Books
 F - a manual of Transmutations
Comestibles
 c - 13 rations


   Skills:
 * Level 5.9 Fighting
 + Level 17.1 Axes
 - Level 2.4 Dodging
 - Level 1.5 Stealth


You had 9 spell levels left.
You didn't know any spells.
Your spell library contained the following spells:

 Spells                   Type           Power        Failure   Level  Hunger
 Confusing Touch          Hex            #.....       56%         1    ##.....
 Confuse                  Hex            #.......     90%         3    ####...
 Gell's Gravitas          Tloc           #.........   90%         3    ####...
 Petrify                  Tmut/Erth      #.......     100%        4    #####..
 Metabolic Englaciation   Hex/Ice        #.........   100%        5    ######.
 Yara's Violent Unravell  Hex/Tmut       #.........   100%        5    ######.


Dungeon Overview and Level Annotations

Branches:
Dungeon (9/15)             Temple (1/1) D:4
   Lair: D:8-11         Orc: D:9-12

Altars:
Cheibriados
Elyvilon
Fedhas
Gozag
Hepliaklqana
Kikubaaqudgha
Makhleb
Nemelex Xobeh
Okawaru
Qazlal
Ru
Wu Jian
Xom
Yredelemnul

Shops:
D:8 [


Message History

You are too injured to fight recklessly!
You are too injured to fight recklessly!
You are too injured to fight recklessly!
You are too injured to fight recklessly!
Unknown command.
You barely miss the red ugly thing.
The red ugly thing is moderately wounded.
You miss the killer bee.
You hear a croak.
The killer bee closely misses you. The killer bee barely misses you.
You slash the red ugly thing! You burn the red ugly thing.
The red ugly thing is heavily wounded.
You miss the killer bee. The red ugly thing bites you!
* * * LOW HITPOINT WARNING * * *
You are engulfed in flames!!
* * * LOW HITPOINT WARNING * * *
An orc comes into view. It is wielding a -1 glaive.
A sky beast comes into view.
The killer bee stings you!
You die...

#.....###
#.......# #.
##......# #
#.# ###...##
Y##h# #.###
.#.# #.##
#... ##.#
..# #.###y°#
#...@uS#
##.###...o..
#.# ##..#
#.. # ##.#
.# .. #.


You could see a red ugly thing, a water moccasin, a sky beast, a hound, a killer
bee and an orc.

Vanquished Creatures
  A hippogriff (D:8)
  Grinder (D:4)
  Grum (D:8)
  Eustachio (D:4)
  A hungry ghost (D:9)
  An orc warrior (D:7)
  2 ice beasts
  A sky beast (D:7)
  2 ogres
  A centaur (D:8)
  2 phantoms
  4 wolves
  6 bullfrogs
  2 scorpions
  3 howler monkeys
  7 crimson imps
  A quasit (D:5)
  6 orc priests
  7 hounds
  5 orc wizards
  Jessica (D:3)
  A bullfrog skeleton (D:5)
  2 iguanas
  9 worker ants
  A hound skeleton (D:4)
  2 worker ant zombies
  6 gnolls
  12 adders
  2 shadow imps
  An ooze (D:2)
  2 adder zombies (D:7)
  An adder skeleton (D:4)
  A worm (D:3)
  A dart slug (D:4)
  4 leopard geckos
  33 orcs
  A ball python (D:3)
  8 bats
  3 giant cockroaches
  5 goblins
  11 hobgoblins
  8 jackals
  5 quokkas
  6 frilled lizards
  7 kobolds
  A leopard gecko skeleton (D:5)
  A leopard gecko zombie (D:8)
  A quokka skeleton (D:4)
  A quokka zombie (D:5)
  12 rats
  2 plants (D:5)
206 creatures vanquished.

Vanquished Creatures (others)
  4 plants (D:5)
4 creatures vanquished.

Grand Total: 210 creatures vanquished

Notes
Turn   | Place    | Note
-------+----------+-------------------------------------------
     0 | D:1      | Delamore the Hill Orc Monk began the quest for the Orb.
     0 | D:1      | Reached XP level 1. HP: 19/19 MP: 1/1
   113 | D:1      | Reached XP level 2. HP: 17/26 MP: 2/2
   258 | D:1      | Reached skill level 5 in Axes
   781 | D:2      | Reached XP level 3. HP: 24/31 MP: 3/3
  1061 | D:2      | Reached skill level 6 in Axes
  1085 | D:2      | Reached XP level 4. HP: 30/39 MP: 4/4
  1437 | D:2      | Reached skill level 7 in Axes
  1823 | D:3      | Noticed a bullfrog
  1836 | D:3      | Killed a bullfrog
  1836 | D:3      | Reached skill level 8 in Axes
  1836 | D:3      | Reached XP level 5. HP: 13/45 MP: 5/5
  2079 | D:3      | Noticed Jessica
  2535 | D:3      | Killed Jessica
  2543 | D:3      | Reached XP level 6. HP: 23/51 MP: 6/6
  2794 | D:3      | Found an ornate altar of the Wu Jian Council.
  2813 | D:3      | Found a stormy altar of Qazlal.
  2818 | D:3      | Became a worshipper of Qazlal Stormbringer
  2818 | D:3      | Reached * piety under Qazlal
  2818 | D:3      | Reached ** piety under Qazlal
  3034 | D:3      | Found a hazy altar of Hepliaklqana.
  3079 | D:3      | Found an opulent altar of Gozag.
  3079 | D:3      | Found a sacrificial altar of Ru.
  3111 | D:3      | Found a blossoming altar of Fedhas.
  3111 | D:3      | Found an ancient bone altar of Kikubaaqudgha.
  3126 | D:3      | Reached skill level 9 in Axes
  3903 | D:3      | Found a white marble altar of Elyvilon.
  4095 | D:4      | Noticed Grinder
  4122 | D:4      | Noticed Eustachio
  4442 | D:4      | Noticed a phantom
  4478 | D:4      | Killed a phantom
  4478 | D:4      | Reached skill level 10 in Axes
  4478 | D:4      | Reached XP level 7. HP: 25/57 MP: 7/7
  4743 | D:4      | Found a staircase to the Ecumenical Temple.
  4752 | Temple   | Entered the Ecumenical Temple
  4931 | D:4      | Reached skill level 11 in Axes
  5151 | D:4      | Killed Grinder
  5156 | D:5      | Entered Level 5 of the Dungeon
  5160 | D:5      | Reached XP level 8. HP: 31/64 MP: 8/8
  5744 | D:4      | Killed Eustachio
  5744 | D:4      | Reached skill level 12 in Axes
  6135 | D:5      | Reached skill level 13 in Axes
  6434 | D:5      | Reached *** piety under Qazlal
  7352 | D:6      | Found a shimmering altar of Xom.
  7493 | D:6      | Found a basalt altar of Yredelemnul.
  7540 | D:6      | Found a burning altar of Makhleb.
  7555 | D:6      | Reached skill level 14 in Axes
  7692 | D:6      | Reached XP level 9. HP: 65/70 MP: 9/9
  8189 | D:7      | Reached skill level 15 in Axes
  8624 | D:7      | Found Papanal's General Store.
  8791 | D:7      | Found a sparkling altar of Nemelex Xobeh.
  9052 | D:8      | Noticed Grum
  9084 | D:8      | Found Mogianun's Antique Armour Boutique.
  9088 | D:7      | HP: 1/70 [wolf[Grum] (10)]
  9096 | D:7      | HP: 1/70 [wolf[Grum] (5)]
  9402 | D:7      | Reached skill level 16 in Axes
 10245 | D:8      | Reached **** piety under Qazlal
 10245 | D:8      | Reached XP level 10. HP: 54/78 MP: 10/10
 10271 | D:8      | Killed Grum
 10583 | D:8      | Bought a runed cloak for 195 gold pieces
 10633 | D:8      | Found an iron altar of Okawaru.
 10646 | D:8      | Reached skill level 5 in Fighting
 10648 | D:8      | Reached skill level 17 in Axes
 10831 | D:8      | Identified the cursed +1 robe of Trumpets {Dex+3}
 11184 | D:9      | Noticed a red ugly thing
 11196 | D:9      | HP: 1/83 [red ugly thing (19)]
 11196 | D:9      | Mangled by a killer bee

Levels and vault maps discovered:
D:1:      scummos_arrival_checkerplants, layout_loops_ring, minmay_vboxes
D:2:      layout_loops_cross
D:3:      kennysheep_big_flooded_room, layout_loops_ring,
          grunt_temple_overflow_growth_and_decay, elyvilon_altar_3, minitemple,
          old_standard_altar, chequers_temple_overflow_statue_of_worship,
          first_ration, uniq_jessica
D:4:      layout_basic, minmay_temple_entry_stoned_glass,
          lightli_ossuary_entry_decrepit_ruins, uniq_eustachio, uniq_grinder
D:5:      layout_loops_ring, serial_bayou, serial_bayou_pond_a,
          serial_bayou_crossing, serial_bayou_pond_e, serial_bayou_shore_a,
          serial_bayou_lagoon_a, serial_bayou_ford_a
D:6:      layout_cave_pods, xom_teletrap_fun, yredelemnul_altar_generic,
          makhleb_grotto_becter, minmay_manual_mullet
D:7:      layout_loops_ring, kennysheep_mini, serial_shops, shop
D:8:      layout_cave_pools, serial_shops, nicolae_shop_overgrown_old_shop,
          lemuel_statue_altar, uniq_grum
D:9:      minmay_the_grid_square_5x5_4x4 [minmay_the_grid_square_5x5_two_small,
          minmay_the_grid_square_5x5_longway,
          minmay_the_grid_square_5x5_inner_v,
          minmay_the_grid_square_5x5_three_small,
          minmay_the_grid_square_5x5_percent,
          minmay_the_grid_square_5x5_prize_itemx,
          minmay_the_grid_square_5x5_prize_monsterx,
          minmay_the_grid_square_5x5_lines,
          minmay_the_grid_square_5x5_eight_small,
          minmay_the_grid_square_5x5_prize_snowflake,
          minmay_the_grid_square_5x5_prize_deathbox,
          minmay_the_grid_square_5x5_minivault, minmay_the_grid_square_5x5_plus,
          minmay_the_grid_square_5x5_slash,
          minmay_the_grid_square_5x5_beaten_path,
          minmay_the_grid_square_5x5_comb], layout_cave_pods
Temple:   eino_wide_crystal_templ

Skill      XL: |  1  2  3  4  5  6  7  8  9 10 |
---------------+-------------------------------+-----
Axes           | 5 6 8 10 11 14 16 17 | 17.1
Fighting       | 5 |  5.9
Dodging        | |  2.4
Stealth        | |  1.5

Action                   |  1- 3 |  4- 6 |  7- 9 | 10-12 || total
-------------------------+-------+-------+-------+-------++-------
Melee: Hand axe          |   110 |   274 |   626 |    91 ||  1101
Evoke: Wand              |       |       |     4 |     1 ||     5
  Use: Scroll            |       |     6 |     6 |       ||    12
       Potion            |       |       |     3 |     1 ||     4
 Stab: Sleeping          |     2 |     3 |       |       ||     5
       Paralysed         |       |       |     3 |       ||     3
  Eat: Chunk             |     1 |     9 |    20 |     3 ||    33
Armor: Robe              |    10 |    19 |    22 |       ||    51
       Ring mail         |    35 |    42 |    80 |    23 ||   180
       Leather armour    |       |       |    20 |       ||    20
Dodge: Dodged            |    99 |   174 |   256 |    23 ||   552
       Deflected         |       |       |       |     1 ||     1
Block: Other             |       |    20 |    71 |     9 ||   100
